 Dungeon Crawl Stone Soup version 0.30-a0-989-g0d87f670db (webtiles) character file.

Game seed: 5438187176090334196

24 Pimp the Vexing (level 3, 27/27 HPs)
             Began as a Barachi Hexslinger on Apr 3, 2023.
             Quit the game on level 2 of the Dungeon.
             The game lasted 00:05:43 (1837 turns).

Pimp the Vexing (Barachi Hexslinger)                Turns: 1837, Time: 00:05:44

Health: 27/27      AC:  2    Str: 11    XL:     3   Next: 2%
Magic:  5/5        EV: 12    Int: 15    God:
Gold:   60         SH:  0    Dex: 12    Spells: 1/5 levels left

rFire   . . .      SeeInvis .    a - +1 sling
rCold   . . .      Faith    .    (no shield)
rNeg    + . .      Spirit   .    c - +0 robe
rPois   .          Reflect  .    (no helmet)
rElec   .          Rampage  .    (no cloak)
rCorr   .                        (no gloves)
Will    .....                    (no boots)
Stlth   +                        (no amulet)
HPRegen 0.24/turn                g - ring of positive energy
MPRegen 0.09/turn                (no ring)

@: slow
A: amphibious, slowness 1, strong legs 1, +LOS
a: Hop


You were on level 2 of the Dungeon.
You visited 1 branch of the dungeon, and saw 2 of its levels.

You collected 60 gold pieces.

Inventory:

Hand Weapons
 a - a +1 sling (weapon)
Armour
 c - a +0 robe (worn)
Magical Staves
 d - a staff of poison
Jewellery
 g - a ring of positive energy (left hand)


   Skills:
 + Level 1.6 Fighting
 + Level 2.2 Ranged Weapons
 + Level 1.0 Armour
 + Level 2.5 Dodging
 + Level 1.6 Spellcasting
 + Level 3.5 Hexes


You had one spell level left.
You knew the following spells:

 Your Spells              Type           Power      Damage    Failure   Level
a - Slow                  Hex            44%        N/A       5%          1
b - Inner Flame           Hex/Fire       6%         N/A       34%         3

Your spell library contained the following spells:

 Spells                   Type           Power      Damage    Failure   Level
 Portal Projectile        Hex/Tloc       12%        N/A       34%         3
 Cause Fear               Hex            5%         N/A       47%         4


Dungeon Overview and Level Annotations

Branches:
Dungeon (2/15)

Altars:


Innate Abilities, Weirdness & Mutations

You are amphibious.
You cover ground slowly.
You can hop short distances.
You have an extended range of vision and can be seen from far away.


Message History

Okay, then.
A kobold is nearby!
A kobold is nearby!
A kobold is nearby!
You are starting to lose your buoyancy.
The kobold shouts!
The goblin shouts!
You float gracefully downwards.
The quokka twitches its whiskers.
The quokka twitches its whiskers.
The ball python hisses angrily.
The kobold shouts!
The endoplasm quivers.
The quokka twitches its whiskers.
The quokka twitches its whiskers.
The endoplasm jiggles.
The endoplasm jiggles.
The kobold shouts!
The giant cockroach waves its antennae.
The quokka twitches its whiskers.
The endoplasm jiggles.
The giant cockroach waves its antennae.
The giant cockroach waves its antennae.
The endoplasm quivers.
The quokka twitches its whiskers.
The quokka twitches its whiskers.
The quokka twitches its whiskers.
The endoplasm jiggles.
The endoplasm quivers.
The quokka twitches its whiskers.
The ball python hisses angrily.
The quokka twitches its whiskers.
The quokka twitches its whiskers.
The giant cockroach waves its antennae.
The ball python hisses angrily.
The giant cockroach waves its antennae.
The endoplasm jiggles.
Unknown command.
Autopickup is now off.
Are you sure you want to abandon this character and quit the game? (Confirm with "yes".)

#.. #.# #.# #.#
########.# ##........# #
#....)###.#####.##
##.8#8B...........##
##..#@#.##...........
.......8#8r.....###.#.##
######.J.......####.#.#
###.................
............###.....
###.........# #..
#.........# #..(..<...#
...<.............


You could see an endoplasm, a quokka and a giant cockroach.

Vanquished Creatures
  7 endoplasms (D:1)
  5 goblins
  A hobgoblin (D:1)
  5 bats
  2 kobolds (D:1)
  2 rats (D:1)
22 creatures vanquished.

Notes
Turn   | Place    | Note
-------+----------+-------------------------------------------
     0 | D:1      | Pimp the Barachi Hexslinger began the quest for the Orb.
     0 | D:1      | Reached XP level 1. HP: 15/15 MP: 2/2
   110 | D:1      | Found a faded altar of an unknown god.
   134 | D:1      | Reached XP level 2. HP: 15/21 MP: 1/3
   622 | D:2      | Reached skill level 1 in Armour
   628 | D:2      | Reached XP level 3. HP: 26/27 MP: 5/5
   632 | D:2      | Learned a level 3 spell: Inner Flame
  1837 | D:2      | Quit the game

Illustrated notes

Levels and vault maps discovered:
D:1:      lemuel_arrival_room, layout_basic,
          hellmonk_ecumenical_altar_inner_sanctum
D:2:      layout_loops_ring, minmay_statues_item

Skill      XL: |  1  2 |
---------------+-------+-----
Armour         | 1 |  1.0
Fighting       | |  1.6
Ranged Weapons | |  2.2
Dodging        | |  2.5
Spellcasting   | |  1.6
Hexes          | |  3.5

Action                     || total
---------------------------++-------
   Fire: Sling             ||    78
   Cast: Slow              ||    10
    Use: Scroll            ||     3
         Potion            ||     2
 Armour: Robe              ||    29
  Dodge: Dodged            ||    58

Table legend: (Time is in decaauts)
 A = Elapsed time spent in this place.
 B = Non-inter-level travel time spent in this place.
 C = Inter-level travel time spent in this place.
 D = Time resting spent in this place.
 E = Time spent auto-exploring this place.
 F = Levels seen in this place.
 G = Mean time per level.
                   A        B        C        D        E       F      G
               +--------+--------+--------+--------+--------+-----+--------+
         Total |   1947 |   1897 |     50 |     37 |    426 |   2 |  973.5 |
       Dungeon |   1947 |   1897 |     50 |     37 |    426 |   2 |  973.5 |
               +--------+--------+--------+--------+--------+-----+--------+

Top non-repeatable levels by time:
     D:2: 1224 daAuts
     D:1: 723 daAuts
